 Dungeon Crawl Stone Soup version 0.21-a0-404-g291f19a (webtiles) character file.

5620 kae the Geomancer (level 10, -3/50 HPs)
             Began as a Gargoyle Earth Elementalist on Oct 26, 2017.
             Was a Believer of Vehumet.
             Slain by zero's ghost (19 damage)
             ... on level 9 of the Dungeon.
             The game lasted 00:10:42 (10021 turns).

kae the Geomancer (Gargoyle Earth Elementalist)    Turns: 10021, Time: 00:10:43

Health: -3/50      AC: 15    Str: 11    XL:     10   Next: 73%
Magic:  9/21       EV: 12    Int: 20    God:    Vehumet [**....]
Gold:   517        SH:  0    Dex: 10    Spells: 20/24 levels left

rFire    . . .     SeeInvis .   a - +2 rapier (elec)
rCold    . . .     Gourm    .   (no shield)
rNeg     + . .     Faith    .   c - +1 robe
rPois    ∞         Spirit   .   t - +0 helmet
rElec    +         Reflect  .   (no cloak)
rCorr    .         Harm     .   y - +2 pair of gloves
MR       .....                  F - +0 pair of boots
Stlth    ++........             (no amulet)
HPRegen  0.16/turn              x - ring of flight
MPRegen  0.17/turn              (no ring)

@: no status effects
A: deterioration 1, negative energy resistance 1, electricity resistance,
unbreathing, petrification resistance, rot immunity, AC +7
a: Renounce Religion, Evoke Flight


You were on level 9 of the Dungeon.
You worshipped Vehumet.
Vehumet was pleased with you.
You were not hungry.

You visited 2 branches of the dungeon, and saw 10 of its levels.

You collected 517 gold pieces.

Inventory:

Hand Weapons
 a - a +2 rapier of electrocution (weapon)
 b - a +0 short sword of holy wrath
 G - the +2 long sword "Muitz" {drain, *Contam rN+ Str+3 Int+2}
   (You found it on level 8 of the Dungeon)

   A truly terrible weapon, it drains the life of those it strikes.
   It affects your strength (+3).
   It affects your intelligence (+2).
   It protects you from negative energy.
   It causes magical contamination when unequipped.
Missiles
 h - 17 stones (quivered)
Armour
 c - a +1 robe (worn)
 t - a +0 helmet (worn)
 y - a +2 pair of gloves (worn)
 F - a +0 pair of boots (worn)
Jewellery
 x - a ring of flight (left hand)
 A - the ring of Ussuray {+Blink rC- Str+3 Dex+2}
   (You found it on level 7 of the Dungeon)

   [ring of strength]

   It affects your strength (+3).
   It affects your dexterity (+2).
   It makes you vulnerable to cold.
   It lets you blink.
 N - an uncursed ring of protection from cold {unknown}
Wands
 w - a wand of flame (27/48)
 C - a wand of polymorph (6/24)
Scrolls
 g - 3 scrolls of immolation
 i - 6 scrolls of fog
 k - 3 scrolls of enchant weapon
 m - 7 scrolls of teleportation
 D - 7 scrolls of remove curse
 E - 2 scrolls of enchant armour
 M - a scroll of holy word {unknown}
 O - a scroll of identify
Potions
 f - a potion of cancellation
 j - 5 potions of curing
 l - 2 potions of magic {unknown}
 n - 2 potions of agility
 o - 2 potions of lignification
 p - a potion of flight
 r - 2 potions of invisibility
 s - a potion of might
 v - a potion of haste
 z - 2 potions of brilliance
 B - a potion of mutation
 H - a potion of heal wounds
 K - a potion of resistance
Books
 e - a book of Geomancy

   Spells                             Type                      Level
   a - Sandblast                      Earth                        1
   b - Passwall                       Transmutation/Earth          2
   c - Stone Arrow                    Conjuration/Earth            3
   d - Petrify                        Transmutation/Earth          4
   e - Lee's Rapid Deconstruction     Earth                        5
 u - a book of Frost

   Spells                             Type                      Level
   a - Freeze                         Ice                          1
   b - Throw Frost                    Conjuration/Ice              2
   c - Ozocubu's Armour               Charms/Ice                   3
   d - Throw Icicle                   Conjuration/Ice              4
   e - Summon Ice Beast               Ice/Summoning                4
 I - a book of Beasts

   Spells                             Type                      Level
   a - Summon Butterflies             Summoning                    1
   b - Call Canine Familiar           Summoning                    3
   c - Summon Ice Beast               Ice/Summoning                4
   d - Summon Mana Viper              Hexes/Summoning              5
   e - Summon Hydra                   Summoning                    7
Comestibles
 d - 7 bread rations
 q - a fruit
 J - 2 meat rations
 L - 9 royal jellies


   Skills:
 - Level 1.5 Dodging
 - Level 2.1 Stealth
 + Level 7.6 Spellcasting
 + Level 8.3 Conjurations
   Level 0.7 Transmutations
 * Level 13.2 Earth Magic


You had 20 spell levels left.
You knew the following spells:

 Your Spells              Type           Power        Failure   Level  Hunger
a - Sandblast             Erth           ######       1%          1    None
b - Stone Arrow           Conj/Erth      ######       1%          3    None


Dungeon Overview and Level Annotations

Branches:
Dungeon (9/15)             Temple (1/1) D:7
   Lair: D:8-11         Orc: D:9-12

Altars:
Ashenzari
Cheibriados
Dithmenos
Elyvilon
Fedhas
Gozag
Hepliaklqana
Kikubaaqudgha
Makhleb
Nemelex Xobeh
Ru
Sif Muna
Trog
Uskayaw
Vehumet
Wu Jian
Xom
Yredelemnul
Zin

Annotations:
D:9 zero's ghost, journeyman GrBe


Innate Abilities, Weirdness & Mutations

You are resistant to torment.
Your stone body is resilient. (AC +7)
You are immune to poison.
You resist negative energy. (rN+)
You are resistant to electric shocks. (rElec)
You can survive without breathing.
You are immune to petrification.
You are immune to rotting.
Your body sometimes deteriorates upon taking damage.


Message History

Zero's ghost hits you but does no damage.
Casting: Sandblast
Confirm with . or Enter, or press ? or * to list all spells.
Aiming: Sandblast
Press: ? - help, Shift-Dir - straight line, f/p - zero's ghost
Aim: zero's ghost (lightly damaged)
The blast of sand hits zero's ghost.
Zero's ghost is moderately damaged.
h - 18 stones Zero's ghost hits you!
Casting: Sandblast
Confirm with . or Enter, or press ? or * to list all spells.
Aiming: Sandblast
Press: ? - help, Shift-Dir - straight line, f/p - zero's ghost
Aim: zero's ghost (moderately damaged)
The blast of sand hits zero's ghost.
Zero's ghost is heavily damaged.
h - 17 stones Zero's ghost hits you!!
You die...

###############.
.................
.................
.................#
.........=.......#
.................#
......W@.........#
.................#
.................##
...................
...................
###########..###.#
#..# #..# #..#


You could see zero's ghost.

Vanquished Creatures
  A two-headed ogre (D:9)
  A hippogriff (D:7)
  Eustachio (D:5)
  6 yaks
  A hungry ghost (D:8)
  A black bear (D:8)
  An eye of draining (D:9)
  An ice beast (D:7)
  3 orc warriors
  2 phantoms
  2 sky beasts
  2 centaurs
  2 big kobolds
  3 bullfrogs
  A wyvern zombie (D:9)
  Blork the orc (D:5)
  A water moccasin zombie (D:8)
  A wyvern skeleton (D:9)
  A water moccasin skeleton (D:9)
  3 scorpions
  8 killer bees
  4 howler monkeys
  3 wights (D:7)
  3 crimson imps
  A centaur zombie (D:9)
  2 bullfrog zombies (D:5)
  4 jellies (D:9)
  8 hounds
  2 orc priests (D:9)
  A bullfrog skeleton (D:7)
  An iguana (D:6)
  3 orc wizards
  4 worker ants
  4 hound skeletons
  A howler monkey zombie (D:5)
  A worker ant zombie (D:7)
  Robin (D:3)
  10 adders
  3 gnolls (D:4)
  A shadow imp (D:6)
  6 oozes
  2 adder zombies (D:5)
  5 worms
  A dart slug (D:1)
  3 leopard geckos
  14 orcs
  4 giant cockroaches
  17 goblins
  11 hobgoblins
  13 jackals
  10 kobolds
  5 quokkas
  6 bats (D:1)
  5 frilled lizards
  A giant cockroach zombie (D:5)
  3 leopard gecko skeletons (D:4)
  17 rats
223 creatures vanquished.

Notes
Turn   | Place    | Note
-------+----------+-------------------------------------------
     0 | D:1      | kae the Gargoyle Earth Elementalist began the quest for the Orb.
     0 | D:1      | Reached XP level 1. HP: 10/10 MP: 3/3
   157 | D:1      | Reached XP level 2. HP: 11/15 MP: 5/5
   260 | D:1      | Reached skill level 4 in Earth Magic
   805 | D:1      | Reached XP level 3. HP: 17/19 MP: 6/6
  1100 | D:2      | Learned a level 3 spell: Stone Arrow
  1426 | D:2      | Found a faded altar of an unknown god.
  2110 | D:3      | Reached XP level 4. HP: 20/24 MP: 8/8
  2141 | D:3      | Reached skill level 1 in Conjurations
  2141 | D:3      | Reached skill level 5 in Earth Magic
  2510 | D:3      | Noticed a moth of wrath
  2511 | D:3      | Noticed Robin
  2548 | D:3      | Reached XP level 5. HP: 19/28 MP: 7/9
  2723 | D:3      | Killed Robin
  2789 | D:3      | Found a hazy altar of Hepliaklqana.
  2894 | D:3      | Found a bloodstained altar of Trog.
  2977 | D:3      | Found a blossoming altar of Fedhas.
  2983 | D:3      | Found a snail-covered altar of Cheibriados.
  3402 | D:4      | Reached skill level 6 in Earth Magic
  3402 | D:4      | Reached XP level 6. HP: 21/32 MP: 8/11
  3701 | D:4      | Noticed a phantom
  3707 | D:4      | Killed a phantom
  3952 | D:4      | Reached skill level 7 in Earth Magic
  3952 | D:4      | Reached XP level 7. HP: 24/36 MP: 10/12
  4428 | D:4      | Found a shattered altar of Ashenzari.
  4515 | D:5      | Entered Level 5 of the Dungeon
  4526 | D:5      | Noticed Blork the orc
  4876 | D:5      | Noticed Eustachio
  4884 | D:5      | HP: 1/36 [Eustachio/rapier of electrocution (18)]
  4904 | D:5      | Killed Eustachio
  5256 | D:5      | Reached skill level 8 in Earth Magic
  5456 | D:5      | Killed Blork the orc
  5456 | D:5      | Reached XP level 8. HP: 41/41 MP: 6/14
  5859 | D:6      | Found a shimmering altar of Xom.
  5880 | D:6      | Reached skill level 5 in Spellcasting
  5880 | D:6      | Reached skill level 9 in Earth Magic
  5994 | D:6      | Reached skill level 5 in Conjurations
  6426 | D:6      | Found a sparkling altar of Nemelex Xobeh.
  6576 | D:7      | Got a warped steel ring
  6671 | D:7      | Identified the ring of Ussuray {+Blink rC- Str+3 Dex+2} (You found it on level 7 of the Dungeon)
  6689 | D:7      | Noticed a hippogriff
  6691 | D:7      | Reached skill level 10 in Earth Magic
  6691 | D:7      | Reached XP level 9. HP: 27/45 MP: 12/17
  6841 | D:7      | Found a staircase to the Ecumenical Temple.
  6874 | Temple   | Entered the Ecumenical Temple
  7001 | Temple   | Became a worshipper of Vehumet
  7570 | D:8      | Reached skill level 11 in Earth Magic
  7745 | D:8      | Reached * piety under Vehumet
  7745 | D:8      | Offered knowledge of Sting by Vehumet.
  7829 | D:8      | Got a scorched long sword
  7830 | D:8      | Identified the cursed +2 long sword "Muitz" {drain, *Contam rN+ Str+3 Int+2} (You found it on level 8 of the Dungeon)
  7899 | D:8      | Gained mutation: Your body sometimes deteriorates upon taking damage. [mutagenic glow]
  8087 | D:8      | Found a sacrificial altar of Ru.
  8163 | D:8      | Found a burning altar of Makhleb.
  8165 | D:8      | Found a glowing silver altar of Zin.
  8165 | D:8      | Noticed an angel
  8166 | D:8      | Noticed an Executioner
  8655 | D:9      | Reached XP level 10. HP: 40/50 MP: 15/20
  8740 | D:9      | Reached skill level 12 in Earth Magic
  9112 | D:9      | Noticed a two-headed ogre
  9115 | D:9      | Killed a two-headed ogre
  9643 | D:9      | Reached ** piety under Vehumet
  9643 | D:9      | Offered knowledge of Shock by Vehumet.
  9663 | D:9      | Reached skill level 13 in Earth Magic
 10008 | D:9      | Noticed zero's ghost (journeyman GrBe)
 10021 | D:9      | Slain by zero's ghost

Vault maps used:
D:1:      eino_arrival_water_cross, kennysheep_minor_cross, due_unseen_surprise
D:2:      first_bread, chequers_ecumenical_altar_simple_redux
D:3:      overflow_temple_1_default, lemuel_crystal_altar, lemuel_doored_altar,
          tgw_trog, nicolae_overflow_hidden_temple, uniq_robin
D:4:      wad_crossroads, cheibrodos_ashenzari_chains
D:5:      minmay_stone_trees_small, uniq_eustachio, uniq_blork_the_orc
D:6:      lemuel_upstairs_altar, nicolae_overflow_crystal_walls, kennysheep_mini
D:7:      minmay_temple_entry_grid
D:8:      grunt_temple_overflow_order_and_chaos_2, nicolae_ru_awakened_eye
D:9:      kennysheep_orc_sif_temple, lair_entry_dummy,
          hangedman_little_slice_of_home
Temple:   nicolae_temple_figure_zero

Skill      XL: |  1  2  3  4  5  6  7  8  9 10 |
---------------+-------------------------------+-----
Earth Magic    | 4 5 6 7 8 10 11 13 | 13.2
Spellcasting   | 3 4 5 6 7 |  7.6
Conjurations   | 1 2 3 4 5 7 8 |  8.3
Dodging        | |  1.5
Stealth        | |  2.1
Transmutations | |  0.7

Action                   |  1- 3 |  4- 6 |  7- 9 | 10-12 || total
-------------------------+-------+-------+-------+-------++-------
Melee: Mace              |    12 |       |       |       ||    12
       Unarmed           |     5 |       |    16 |       ||    21
       Short sword       |   145 |   246 |    90 |       ||   481
       Rapier            |       |       |   156 |    75 ||   231
 Cast: Sandblast         |     4 |    22 |    66 |    50 ||   142
       Stone Arrow       |       |     6 |    15 |    10 ||    31
  Use: Scroll            |     9 |       |     8 |       ||    17
       Potion            |       |       |     2 |       ||     2
 Stab: Sleeping          |     4 |     3 |     6 |     1 ||    14
       Distracted        |       |       |     2 |       ||     2
  Eat: Chunk             |     3 |     7 |    14 |     3 ||    27
       Royal jelly       |       |       |     1 |     1 ||     2
Armor: Robe              |    57 |   107 |   173 |    79 ||   416
       Skin              |       |       |     3 |       ||     3
Dodge: Dodged            |   114 |   193 |   252 |    93 ||   652

Table legend:
 A = Spawn XP
 B = Non-spawn XP
 C = Spawn XP percentage of total XP
 D = Spawn monster count
 E = Non-spawn monster count
 F = Spawn count percentage of total count
 G = Total turns spent on level
                    A         B        C        D         E        F      G
               +---------+---------+-------+---------+---------+-------+---------
         Total |       0 |    8029 |   0.0 |       0 |     223 |   0.0 | 10021
               +---------+---------+-------+---------+---------+-------+---------
           D:1 |       0 |      42 |   0.0 |       0 |      27 |   0.0 |  1090
           D:2 |       0 |      37 |   0.0 |       0 |      14 |   0.0 |   971
           D:3 |       0 |     173 |   0.0 |       0 |      35 |   0.0 |  1243
           D:4 |       0 |     402 |   0.0 |       0 |      20 |   0.0 |  1211
           D:5 |       0 |     575 |   0.0 |       0 |      14 |   0.0 |   962
           D:6 |       0 |     893 |   0.0 |       0 |      25 |   0.0 |  1070
           D:7 |       0 |    1250 |   0.0 |       0 |      22 |   0.0 |  1031
           D:8 |       0 |    1483 |   0.0 |       0 |      30 |   0.0 |  1319
           D:9 |       0 |    3174 |   0.0 |       0 |      36 |   0.0 |   983
               +---------+---------+-------+---------+---------+-------+---------
